 Dungeon Crawl Stone Soup version 0.29-a0-923-g6e406bff71 (webtiles) character file.

Game seed: 10852091597193156588

22131 IdlyInterested the Jinx (level 12, -2/89 HPs)
             Began as a Demonspawn Wanderer on July 27, 2022.
             Killed from afar by an ice statue (10 damage)
             ... with a shard of ice
             ... in an ice cave.
             The game lasted 01:01:11 (15211 turns).

IdlyInterested the Jinx (Demonspawn Wanderer)      Turns: 15211, Time: 01:01:11

Health: -2/89      AC: 15    Str: 18    XL:     12   Next: 60%
Magic:  21/21      EV: 15    Int: 16    God:
Gold:   27         SH: 11    Dex: 16    Spells: 19/23 levels left

rFire   . . .      SeeInvis +   q - staff of fire
rCold   + + +      Faith    .   p - +0 kite shield {rC+}
rNeg    . . .      Spirit   .   P - +1 robe {rC+}
rPois   .          Reflect  .   C - +2 hat
rElec   .          Harm     .   T - +0 cloak
rCorr   .          Rampage  .   G - +0 pair of gloves
Will    .....                   (no boots)
Stlth   +++.......              y - amulet of regeneration
HPRegen 1.04/turn               D - +6 ring of strength
MPRegen 0.17/turn               E - ring of ice

@: no status effects
A: repulsion field 2, demonic guardian 1, icemail 2, condensation shield, see
invisible
a: no special abilities


You were in an ice cave.
You visited 3 branches of the dungeon, and saw 15 of its levels.
You also visited: Bailey and Ice Cave.

You collected 824 gold pieces.
You spent 797 gold pieces at shops.

Inventory:

Hand Weapons
 u - the +7 lajatang of Order {silver, rMut}
   (You found it on level 2 of the Dungeon)

   It inflicts extra damage upon those it strikes, and deals substantially
   increased damage to chaotic, mutated and magically transformed beings.
   rMut:      It protects you from mutation.
 K - a +0 quarterstaff of freezing
 V - a +2 vorpal quarterstaff
Missiles
 b - 2 atropa-tipped darts
 c - 6 datura-tipped darts
 g - 12 poisoned darts
 s - 16 boomerangs
 J - 6 curare-tipped darts
Armour
 e - an orb of guile
 p - a +0 kite shield of cold resistance (worn)
 C - a +2 hat (worn)
 G - a +0 pair of gloves (worn)
 N - a +4 ring mail
 P - a +1 robe of cold resistance (worn)
 T - a +0 cloak (worn)
 X - +0 steam dragon scales
 Y - a +1 robe of positive energy
Magical Staves
 q - a staff of fire (weapon)
Jewellery
 k - a ring of fire
 m - a ring of positive energy
 y - an amulet of regeneration (around neck)
 D - a +6 ring of strength (left hand)
 E - a ring of ice (right hand)
 I - a ring of protection from fire
Wands
 f - a wand of flame (26)
 B - a wand of mindburst (8)
 O - a wand of iceblast (6)
 U - a wand of light (8)
Scrolls
 a - a scroll of magic mapping
 j - 3 scrolls of fear
 r - 2 scrolls of brand weapon
 t - 2 scrolls of enchant weapon
 w - 2 scrolls of silence
 z - 5 scrolls of teleportation
 L - a scroll of fog
 M - 3 scrolls of enchant armour
 W - a scroll of blinking
Potions
 h - 2 potions of cancellation
 i - a potion of invisibility
 l - 2 potions of brilliance
 n - 3 potions of heal wounds
 o - 4 potions of flight
 v - 4 potions of might
 x - 6 potions of curing
 F - 8 potions of mutation
 H - 7 potions of haste
 Q - 2 potions of ambrosia
 R - 3 potions of magic
 Z - 2 potions of resistance
Miscellaneous
 d - a piece from Xom's chessboard (15/15)


   Skills:
 + Level 6.3 Fighting
 - Level 1.4 Short Blades
 * Level 11.1 Staves
 - Level 2.0 Throwing
 - Level 4.0 Armour
 + Level 5.1 Dodging
 - Level 4.0 Stealth
 - Level 6.0 Spellcasting
 * Level 12.5 Hexes
 - Level 4.0 Evocations


You had 19 spell levels left.
You knew the following spells:

 Your Spells              Type           Power      Damage    Failure   Level
a - Slow                  Hex            100%       N/A       1%          1
b - Tukima's Dance        Hex            44%        N/A       1%          3

Your spell library contained the following spells:

 Spells                   Type           Power      Damage    Failure   Level
 Portal Projectile        Hex/Tloc       48%        N/A       12%         3
 Fulminant Prism          Conj/Hex       12%        3d9       36%         4
 Magic Dart               Conj           16%        1d3       45%         1
 Blink                    Tloc           8%         N/A       58%         2
 Searing Ray              Conj           8%         2d4       58%         2
 Ignite Poison            Fire/Tmut/Pois 7%         N/A       83%         3
 Lesser Beckoning         Tloc           4%         N/A       83%         3
 Mephitic Cloud           Conj/Pois/Air  4%         N/A       83%         3
 Animate Dead             Necr           4%         N/A       99%         4
 Hailstorm                Conj/Ice       7%         3d4       99%         4
 Ice Form                 Ice/Tmut       7%         N/A       99%         4
 Blade Hands              Tmut           2%         N/A       100%        5
 Freezing Cloud           Conj/Ice/Air   3%         6-21      100%        5
 Manifold Assault         Tloc           4%         N/A       100%        5
 Simulacrum               Ice/Necr       3%         N/A       100%        6
 Haunt                    Necr/Summ      2%         N/A       100%        7
 Storm Form               Tmut/Air       2%         N/A       100%        7
 Infestation              Necr           2%         N/A       100%        8


Dungeon Overview and Level Annotations

Branches:
Dungeon (10/15)            Temple (1/1) D:6            Lair (4/5) D:10
 Shoals (0/4) Lair:3        Snake (0/4) Lair:2       Bailey (visited)
  IceCv (1/1)
  Slime: Lair:4-5       Orc: D:9-12

Altars:
Ashenzari
Cheibriados
Dithmenos
Fedhas
Gozag
Hepliaklqana
Kikubaaqudgha
Makhleb
Nemelex Xobeh
Okawaru
Qazlal
Ru
Sif Muna
Trog
Uskayaw
Vehumet
Wu Jian
Xom
Yredelemnul

Shops:
D:1 ?*?:

Annotations:
IceCv exclusion: 3 ice statues


Innate Abilities, Weirdness & Mutations

You are surrounded by a moderate repulsion field. (EV +3)
A weak demonic guardian rushes to your aid.
A meltable icy envelope protects you from harm. (AC +8)
A meltable shield of frost defends you. (SH +4)
You have supernaturally acute eyesight. (SInv)


Message History

The ice beast dies!
The ice beast disappears in a puff of smoke!
The ice statue gestures at you.
The bolt of cold hits the ice beast.
The ice beast completely resists.
The bolt of cold misses you.
The ice statue gestures.
Your entropy weaver simulacrum hits the ice statue!
Your entropy weaver simulacrum freezes the ice statue.
The ice statue completely resists.
Your entropy weaver simulacrum hits the ice statue but does no damage. x2
Your entropy weaver simulacrum hits the ice statue.
Your entropy weaver simulacrum freezes the ice statue.
The ice statue completely resists.
Your cane toad simulacrum closely misses the ice beast.
You completely miss the ice statue.
The ice statue is lightly damaged.
You are engulfed in freezing vapours.
You resist.
* * * LOW HITPOINT WARNING * * *
The ice beast hits your cane toad simulacrum but does no damage.
Your orange demon is engulfed in freezing vapours.
Your orange demon stings the ice statue but does no damage.
The ice statue glitters chillingly in the dim dungeon light.
The ice statue gestures. x2
Unknown command.
You hit the ice statue but do no damage.
The ice statue is lightly damaged.
Your cane toad simulacrum hits the ice beast!
Your cane toad simulacrum freezes the ice beast.
The ice beast completely resists.
Your entropy weaver simulacrum hits the ice statue but does no damage. x3
Your entropy weaver simulacrum hits the ice statue.
Your entropy weaver simulacrum freezes the ice statue.
The ice statue completely resists.
The ice beast barely misses you.
Your orange demon is engulfed in freezing vapours.
Your orange demon completely misses the ice statue.
Your elephant simulacrum tramples the ice statue.
Your elephant simulacrum trunk-slaps the ice statue but does no damage.
The ice statue gestures at you. The shard of ice hits you!
You partially resist.
You die...

### ############# ..##
##..[[.#8....## .
...###....†(#Y.....## ..
....#.......#.......#Z..
.∩........°...°Y..°Z8Y.
....#......°#.°4.Z°.#
...###......#.°○ZY°##
..## ##....!#°°.@8## ###
#############


You could see 3 ice statues, 4 ice beasts, an anaconda simulacrum, a friendly
orange demon (summoned), a friendly elephant simulacrum (summoned), a friendly
cane toad simulacrum (summoned) and a friendly entropy weaver simulacrum
(summoned).

Vanquished Creatures
  Fannar (Lair:3)
  2 hydras
  5 death yaks (Lair:4)
  An orc knight (Bailey)
  An ugly thing (IceCv)
  A merfolk siren (Lair:3)
  4 cane toads
  An unseen horror (D:10)
  An orange demon (D:8)
  2 komodo dragons
  3 rime drakes
  2 ice devils (Lair:4)
  Grinder (D:4)
  7 dream sheep (Lair:3)
  A vampire (D:5)
  11 yaks
  2 wyverns
  3 basilisks
  Grum (D:8)
  A harpy simulacrum (IceCv)
  A steam dragon (Lair:3)
  2 nagas (Lair:2)
  5 water moccasins
  2 death yak simulacra (IceCv)
  2 orc warriors (D:8)
  3 sky beasts
  A black bear (D:8)
  2 ice beasts
  3 ogres
  3 centaurs
  6 wolves
  2 phantoms (D:6)
  2 kobold brigands
  2 bullfrogs (Lair:2)
  5 scorpions
  A cane toad simulacrum (IceCv)
  A gnoll sergeant (D:5)
  19 wights
  14 killer bees
  An elephant simulacrum (IceCv)
  An electric eel (Lair:3)
  2 howler monkeys
  4 hounds
  6 orc priests
  2 gnoll boudas
  4 iguanas
  7 orc wizards
  20 gnolls
  11 adders
  A white imp (D:7)
  An ufetubus (D:5)
  A worm (D:2)
  7 dart slugs
  43 orcs
  An endoplasm (D:1)
  2 giant cockroaches
  8 goblins
  6 hobgoblins
  5 jackals
  3 quokkas
  7 ball pythons
  6 bats
  3 frilled lizards
  15 kobolds
  6 rats
300 creatures vanquished.

Vanquished Creatures (collateral kills)
  A hydra (Lair:3)
  A two-headed ogre (D:10)
  Amaemon (D:8)
  3 yaks (D:10)
  A wolf (Lair:4)
  2 gnolls
  An orc (D:5)
  A hobgoblin (D:4)
11 creatures vanquished.

Vanquished Creatures (others)
  A bush (Lair:4)
  16 fungi
  12 plants
29 creatures vanquished.

Grand Total: 340 creatures vanquished

Notes
Turn   | Place    | Note
-------+----------+-------------------------------------------
     0 | D:1      | IdlyInterested the Demonspawn Wanderer began the quest for
                  | the Orb.
     0 | D:1      | IdlyInterested set off with the following items: a +0
                  | dagger, 2 atropa-tipped darts, 2 datura-tipped darts, a
                  | piece from Xom's chessboard (15/15), a potion of
                  | lignification, a +0 robe; and the following spell
                  | memorised: Slow; and the following spells available to
                  | memorise: Tukima's Dance.
     0 | D:1      | Reached XP level 1. HP: 13/13 MP: 3/3
   171 | D:1      | Found Jeyg's Book Emporium.
   283 | D:1      | Gained mutation: A meltable shield of frost defends you.
                  | (SH +4) [demonic ancestry]
   283 | D:1      | Reached XP level 2. HP: 9/20 MP: 5/5
   527 | D:1      | Reached skill level 1 in Fighting
   579 | D:1      | HP: 1/21 [dart slug/slug dart (2)]
  1085 | D:1      | Reached XP level 3. HP: 13/25 MP: 6/6
  1340 | D:1      | Found Xinorch's Magic Scroll Shoppe.
  1342 | D:1      | Found Xogg's Magic Scroll Emporium.
  1393 | D:1      | Found Cutot's General Store.
  1591 | D:2      | Reached skill level 2 in Hexes
  1662 | D:2      | Reached skill level 1 in Short Blades
  1715 | D:2      | Reached XP level 4. HP: 17/34 MP: 5/7
  2097 | D:2      | Found the +7 lajatang of Order {silver, rMut}
  2565 | D:1      | Bought a scroll of identify for 26 gold pieces
  2568 | D:1      | Bought a scroll of identify for 26 gold pieces
  2945 | D:3      | Gained mutation: You are surrounded by a mild repulsion
                  | field. (EV +2) [demonic ancestry]
  2945 | D:3      | Reached XP level 5. HP: 39/39 MP: 8/8
  3201 | D:3      | Found a snail-covered altar of Cheibriados.
  3498 | D:1      | Bought a potion of curing for 36 gold pieces
  3630 | D:4      | Reached skill level 3 in Hexes
  3701 | D:4      | Noticed an ogre
  3710 | D:4      | Killed an ogre
  3711 | D:4      | Reached skill level 1 in Staves
  3711 | D:4      | Gained mutation: A weak demonic guardian rushes to your
                  | aid. [demonic ancestry]
  3711 | D:4      | Reached XP level 6. HP: 47/47 MP: 9/9
  3872 | D:4      | Noticed Grinder
  3877 | D:4      | Killed Grinder
  3878 | D:4      | Reached skill level 4 in Hexes
  3878 | D:4      | Gained mutation: A meltable icy envelope protects you from
                  | harm. (AC +8) [demonic ancestry]
  3878 | D:4      | Reached XP level 7. HP: 41/52 MP: 9/11
  4143 | D:5      | Entered Level 5 of the Dungeon
  4273 | D:5      | Learned a level 3 spell: Tukima's Dance
  4538 | D:5      | Noticed a vampire
  4555 | D:5      | Reached skill level 5 in Hexes
  4565 | D:5      | Killed a vampire
  4566 | D:5      | Reached XP level 8. HP: 23/58 MP: 12/12
  4629 | D:5      | Found a stormy altar of Qazlal.
  4951 | D:5      | Found a sacrificial altar of Ru.
  4964 | D:5      | Found a hide-covered altar of Uskayaw.
  4970 | D:5      | Reached skill level 6 in Hexes
  5226 | D:6      | Reached skill level 5 in Staves
  5415 | D:6      | Reached XP level 9. HP: 65/65 MP: 14/14
  5691 | D:6      | Found a staircase to the Ecumenical Temple.
  5699 | D:6      | Reached skill level 7 in Hexes
  5716 | Temple   | Entered the Ecumenical Temple
  6170 | D:6      | Reached skill level 1 in Armour
  6452 | D:1      | Bought a scroll of magic mapping for 97 gold pieces
  6678 | D:7      | Found a shadowy altar of Dithmenos.
  7355 | D:7      | Gained mutation: You have supernaturally acute eyesight.
                  | (SInv) [potion of mutation]
  7390 | D:8      | Reached skill level 8 in Hexes
  7424 | D:8      | Reached skill level 1 in Throwing
  7709 | D:8      | Gained mutation: You are surrounded by a moderate repulsion
                  | field. (EV +3) [demonic ancestry]
  7709 | D:8      | Reached XP level 10. HP: 38/73 MP: 10/16
  8002 | D:8      | Reached skill level 5 in Fighting
  8093 | D:8      | Noticed Grum
  8102 | D:8      | Killed Grum
  8178 | D:8      | Noticed Amaemon
  8178 | D:8      | Noticed an orange demon
  8194 | D:8      | Killed Amaemon
  8195 | D:8      | Reached skill level 9 in Hexes
  8201 | D:8      | Killed an orange demon
  8496 | D:1      | Bought a scroll of brand weapon for 123 gold pieces
  8788 | D:9      | Found an opulent altar of Gozag.
  9058 | D:9      | Found an ancient bone altar of Kikubaaqudgha.
  9564 | D:1      | Bought a scroll of enchant weapon for 105 gold pieces
  9833 | D:10     | Entered Level 10 of the Dungeon
  9890 | D:10     | Noticed a two-headed ogre
  9898 | D:10     | Killed a two-headed ogre
  9899 | D:10     | Reached skill level 5 in Spellcasting
  9911 | D:10     | Gained mutation: A meltable icy envelope protects you from
                  | harm. (AC +8) [demonic ancestry]
  9911 | D:10     | Reached XP level 11. HP: 61/79 MP: 13/18
  9913 | D:10     | Reached skill level 10 in Hexes
  9936 | D:10     | Found a flagged portal.
  9954 | Bailey   | Entered a bailey
 10150 | Bailey   | Noticed an orc knight
 10163 | Bailey   | Killed an orc knight
 10404 | D:10     | Found a sparkling altar of Nemelex Xobeh.
 10507 | D:10     | Found a staircase to the Lair.
 10747 | D:1      | Bought a scroll of enchant armour for 97 gold pieces
 10781 | D:1      | Bought 4 datura-tipped darts for 19 gold pieces
 10972 | Lair:1   | Entered Level 1 of the Lair of Beasts
 11323 | Lair:1   | Noticed a six-headed hydra
 11337 | Lair:1   | Killed an eight-headed hydra
 11829 | D:1      | Bought a scroll of vulnerability for 56 gold pieces
 12170 | Lair:2   | Found a staircase to the Snake Pit.
 12244 | Lair:2   | Reached skill level 11 in Hexes
 12638 | D:1      | Bought a scroll of poison for 56 gold pieces
 12638 | D:1      | Bought a scroll of fear for 56 gold pieces
 12841 | Lair:3   | Noticed a four-headed hydra
 12856 | Lair:3   | Killed a four-headed hydra
 13310 | Lair:3   | Noticed a seven-headed hydra
 13329 | Lair:3   | Killed a seven-headed hydra
 13390 | Lair:3   | Reached skill level 10 in Staves
 13506 | Lair:3   | Noticed Fannar
 13541 | Lair:3   | Killed Fannar
 13542 | Lair:3   | Reached XP level 12. HP: 83/88 MP: 18/20
 13985 | Lair:3   | Found a staircase to the Shoals.
 14579 | D:1      | Bought a scroll of amnesia for 48 gold pieces
 14613 | D:1      | Bought a scroll of immolation for 52 gold pieces
 14954 | Lair:4   | Noticed a death yak
 14954 | Lair:4   | Noticed a death yak
 14965 | Lair:4   | Noticed a death yak
 14967 | Lair:4   | Noticed a death yak
 14972 | Lair:4   | Noticed a death yak
 14975 | Lair:4   | Killed a death yak
 14985 | Lair:4   | Killed a death yak
 14992 | Lair:4   | Killed a death yak
 14993 | Lair:4   | Reached skill level 12 in Hexes
 15001 | Lair:4   | Killed a death yak
 15007 | Lair:4   | Killed a death yak
 15067 | Lair:4   | Reached skill level 5 in Dodging
 15068 | Lair:4   | Noticed a five-headed hydra
 15073 | Lair:4   | Found a frozen archway.
 15100 | IceCv    | Entered an ice cave
 15211 | IceCv    | Killed from afar by an ice statue

Illustrated notes

Levels and vault maps discovered:
D:1:      mrwooster_arrival_statue_3, layout_basic, serial_shops,
          nicolae_square_shop, shop, shop, shop
D:2:      layout_loops_ring, minmay_tree_intersection, minmay_cut_off
D:3:      layout_loops_cross, kennysheep_slug_shrine
D:4:      layout_loops_ring, uniq_grinder
D:5:      layout_cave_pods, marbit_many_paths, nicolae_qazlal_general_emergency,
          mainiacjoe_overflow_big_doors, st_stairs_4, nicolae_figureground_pulse
D:6:      layout_loops_ring, minmay_temple_entry_junction
D:7:      layout_rooms, mainiacjoe_overflow_surrounded_room,
          grunt_dithmenos_smoke_and_mirrors
D:8:      layout_loops_ring, uniq_grum, uniq_amaemon
D:9:      layout_basic, mainiacjoe_overflow_catwalk, amcnicky_altar_gilded,
          chequers_serial_rivers_micro_e
D:10:     layout_rooms, nemelex_spade_bored_becter, lair_entry_dummy,
          enter_bailey_3
Temple:   nicolae_temple_slightly_damp_pantheon
Lair:1:   layout_chaotic_city
Lair:2:   layout_cave_shapes, guppyfry_snake_entry_garden,
          nicolae_lair_grove_arrangements, serial_bayou_pond_e
Lair:3:   layout_layer_cave, elwin_shoals_entry_rooms, serial_rivers,
          chequers_serial_rivers_micro_c, chequers_serial_rivers_micro_c,
          chequers_serial_rivers_large_b, chequers_serial_rivers_small_a,
          chequers_serial_rivers_marsh, uniq_fannar
Lair:4:   layout_loops_ring, portal_ice_cave_demonic_guard, grunt_megastairs_4
IceCv:    ice_cave_statue_garden_chambered

Skill      XL: |  1  2  3  4  5  6  7  8  9 10 11 12 |
---------------+-------------------------------------+-----
Fighting       | 1 2 3 4 5 6 |  6.3
Hexes          | 2 3 4 5 6 8 9 11 12 | 12.5
Short Blades   | 1 |  1.4
Stealth        | 4 |  4.0
Staves         | 1 2 3 5 7 8 10 11 | 11.1
Dodging        | 2 3 4 5 |  5.1
Spellcasting   | 3 4 5 6 |  6.0
Armour         | 2 4 |  4.0
Throwing       | 1 2 |  2.0
Evocations     | 3 4 |  4.0

Action                   |  1- 3 |  4- 6 |  7- 9 | 10-12 || total
-------------------------+-------+-------+-------+-------++-------
Melee: Short sword       |    95 |    79 |       |       ||   174
       Dagger            |     9 |       |       |       ||     9
       Punch             |     2 |       |       |       ||     2
       Lajatang          |       |    31 |   284 |   404 ||   719
       Quarterstaff      |       |       |       |    19 ||    19
       Staff             |       |       |       |    41 ||    41
Throw: Dart              |       |       |     4 |     2 ||     6
       Boomerang         |       |       |       |     5 ||     5
 Cast: Slow              |    10 |       |     7 |     8 ||    25
       Tukima's Dance    |       |       |     1 |    11 ||    12
Evoke: Piece from Xom's  |     2 |     4 |       |       ||     6
       Wand              |       |       |       |     3 ||     3
  Use: Scroll            |       |     4 |     3 |    14 ||    21
       Potion            |       |     1 |     3 |     2 ||     6
 Stab: Sleeping          |     3 |     8 |     7 |    10 ||    28
Armor: Ring mail         |    32 |    23 |       |    55 ||   110
       Robe              |     2 |       |       |    16 ||    18
       Scale mail        |       |     4 |    24 |    94 ||   122
       Leather armour    |       |       |    68 |     4 ||    72
Dodge: Dodged            |    47 |    46 |   212 |   256 ||   561
Block: Other             |     8 |    16 |    56 |    70 ||   150
       Kite shield       |       |       |       |    23 ||    23

Table legend: (Time is in decaauts)
 A = Elapsed time spent in this place.
 B = Non-inter-level travel time spent in this place.
 C = Inter-level travel time spent in this place.
 D = Time resting spent in this place.
 E = Time spent auto-exploring this place.
 F = Levels seen in this place.
 G = Mean time per level.
                   A        B        C        D        E       F      G
               +--------+--------+--------+--------+--------+-----+--------+
         Total |  15368 |  11315 |   4053 |   1776 |   6033 |  17 |  904.0 |
       Dungeon |  11796 |   8146 |   3650 |   1580 |   4172 |  10 | 1179.6 |
        Temple |    197 |    171 |     26 |      0 |    154 |   1 |  197.0 |
          Lair |   2953 |   2577 |    376 |    193 |   1703 |   4 |  738.2 |
        Bailey |    319 |    319 |      0 |      0 |      4 |   1 |  319.0 |
      Ice Cave |    100 |    100 |      0 |      3 |      0 |   1 |  100.0 |
               +--------+--------+--------+--------+--------+-----+--------+

Top non-repeatable levels by time:
     D:1: 2108 daAuts
  Lair:3: 1484 daAuts
     D:5: 1477 daAuts
     D:2: 1378 daAuts
     D:6: 1316 daAuts
     D:8: 1170 daAuts
     D:3: 1009 daAuts
     D:9: 928 daAuts
     D:7: 862 daAuts
     D:4: 815 daAuts
    D:10: 729 daAuts
  Lair:1: 724 daAuts
  Lair:2: 609 daAuts
  Bailey: 319 daAuts
  Temple: 197 daAuts
